 Dungeon Crawl Stone Soup version 0.24-a0-284-g9fb9971 (webtiles) character file.

Game seed: 3232876905567883419

1395 theanonym the Tainter (level 8, 0/48 HPs)
             Began as an Octopode Venom Mage on May 6, 2019.
             Killed from afar by an orc wizard (5 damage)
             ... with a magic dart
             ... on level 6 of the Dungeon.
             The game lasted 00:14:23 (6138 turns).

theanonym the Tainter (Octopode Venom Mage)         Turns: 6138, Time: 00:14:24

Health: 0/48       AC:  1    Str:  7    XL:     8   Next: 68%
Magic:  8/14       EV: 15    Int: 20    God:
Gold:   107        SH:  0    Dex: 12    Spells: 5/15 levels left

rFire    . . .     SeeInvis .   c - +2 dagger (drain)
rCold    . . .     Gourm    +   (no shield)
rNeg     . . .     Faith    .   (helmet restricted)
rPois    .         Spirit   .   b - amulet of the gourmand
rElec    .         Reflect  .   (no ring)
rCorr    .         Harm     .   (no ring)
MR       .....                  (no ring)
Stlth    ++++......             (no ring)
HPRegen  0.16/turn              (no ring)
MPRegen  0.14/turn              (no ring)
                                (no ring)
                                (no ring)

@: lethally poisoned (0 -> -1), very slightly contaminated
A: almost no armour, stealthy swim, amphibious, 8 rings, constrict 8, camouflage
1, gelatinous body 1
a: no special abilities


Innate Abilities, Weirdness & Mutations

You cannot wear most types of armour.
You are very stealthy in the water. (Stealth+)
You are amphibious.
You can wear up to eight rings at the same time.
You can use your tentacles to constrict eight enemies at once.
Your skin changes colour to match your surroundings (Stealth+).
Your rubbery body absorbs attacks. (AC +1, EV +1)


   Skills:
 + Level 1.3 Fighting
 + Level 4.5 Dodging
 - Level 5.0 Stealth
 + Level 4.2 Spellcasting
 - Level 3.0 Conjurations
 - Level 3.1 Air Magic
 + Level 8.4 Poison Magic


You had 5 spell levels left.
You knew the following spells:

 Your Spells              Type           Power        Failure   Level  Hunger
a - Sting                 Conj/Pois      ####         1%          1    None
b - Poisonous Vapours     Pois/Air       ####..       1%          2    #......
d - Mephitic Cloud        Conj/Pois/Air  ###.....     4%          3    ###....
p - Olgreb's Toxic Radia  Pois           #####...     4%          4    ####...

Your spell library contained the following spells:

 Spells                   Type           Power        Failure   Level  Hunger
 Venom Bolt               Conj/Pois      ####......   32%         5    ######.

Skill      XL: |  1  2  3  4  5  6  7  8 |
---------------+-------------------------+-----
Poison Magic   | 4 5 6 7 8 |  8.4
Conjurations   | 2 3 |  3.0
Air Magic      | 1 2 3 |  3.1
Spellcasting   | 3 4 |  4.2
Stealth        | 4 5 |  5.0
Dodging        | 3 4 |  4.5
Fighting       | 1 |  1.3

Action                   |  1- 3 |  4- 6 |  7- 9 || total
-------------------------+-------+-------+-------++-------
Melee: Unarmed           |    58 |    98 |    33 ||   189
       Tentacles         |    12 |    13 |    16 ||    41
       Constrict         |    17 |    22 |    23 ||    62
       Flail             |       |       |    38 ||    38
       Dagger            |       |       |     9 ||     9
 Cast: Sting             |    29 |    15 |       ||    44
       Poisonous Vapours |     9 |    40 |    39 ||    88
       Mephitic Cloud    |       |     1 |     1 ||     2
       Olgreb's Toxic Ra |       |     1 |     7 ||     8
  Use: Scroll            |       |     9 |     9 ||    18
 Stab: Sleeping          |     3 |     2 |     5 ||    10
  Eat: Chunk             |     3 |    23 |     9 ||    35
Armor: Skin              |    10 |     7 |    10 ||    27
Dodge: Dodged            |    44 |    69 |    50 ||   163

Inventory:

Hand Weapons
 c - a +2 dagger of draining (weapon)
 g - a +3 flail of venom
Jewellery
 b - an amulet of the gourmand (around mantle)
Wands
 k - a wand of polymorph (9)
Scrolls
 d - 3 scrolls of enchant weapon
 n - 2 scrolls of remove curse
 t - 2 scrolls of teleportation {!r}
 B - a scroll of blinking
Potions
 f - 3 potions of flight
 h - a potion of haste
 j - 2 potions of lignification
 m - a potion of might
 o - a potion of brilliance
 q - 4 potions of heal wounds
 w - 3 potions of curing
Comestibles
 a - 8 chunks of flesh
 e - 13 rations


You were on level 6 of the Dungeon.
You were very full.

You visited 1 branch of the dungeon, and saw 6 of its levels.
You also visited: Sewer.

You collected 263 gold pieces.
You spent 156 gold pieces at shops.

Dungeon Overview and Level Annotations

Branches:
Dungeon (6/15)
 Temple: D:4-7

Altars:
Kikubaaqudgha
Okawaru

Shops:
D:5

? ##.......###...
#.......[......#.. ..
#...###......###.#..
#... ##.....###..#. #.
#..###.......
....#...# ##....# ###
#.......### #...#...#
###..##ยง..###<.......
#..#.)5..#.@.#
####(o#.o...##
........## .........#
............
..........#..
###......####Z ....
...


You could see an orc wizard.

Notes
Turn   | Place    | Note
-------+----------+-------------------------------------------
     0 | D:1      | theanonym the Octopode Venom Mage began the quest for the
                  | Orb.
     0 | D:1      | Reached XP level 1. HP: 11/11 MP: 3/3
   145 | D:1      | Reached XP level 2. HP: 14/17 MP: 1/5
   365 | D:1      | Reached skill level 4 in Poison Magic
   768 | D:2      | Reached XP level 3. HP: 21/21 MP: 1/6
   826 | D:2      | HP: 10/21 [adder (5)]
   833 | D:2      | Reached skill level 2 in Conjurations
   888 | D:2      | Learned a level 2 spell: Poisonous Vapours
  1048 | D:2      | HP: 8/21 [worm (3)]
  1338 | D:2      | HP: 6/21 [leopard gecko (5)]
  1617 | D:2      | Reached skill level 1 in Air Magic
  1617 | D:2      | Reached XP level 4. HP: 20/27 MP: 3/8
  1691 | D:2      | Learned a level 3 spell: Mephitic Cloud
  2015 | D:2      | Found an ancient bone altar of Kikubaaqudgha.
  2323 | D:3      | Reached XP level 5. HP: 24/31 MP: 1/9
  2597 | D:3      | Reached skill level 3 in Spellcasting
  2624 | D:3      | Learned a level 4 spell: Olgreb's Toxic Radiance
  3073 | D:4      | Reached skill level 5 in Poison Magic
  3140 | D:4      | Found a glowing drain.
  3149 | Sewer    | Entered a sewer
  3281 | Sewer    | Reached skill level 2 in Air Magic
  3404 | Sewer    | Noticed a big kobold
  3412 | Sewer    | Killed a big kobold
  3412 | Sewer    | Reached XP level 6. HP: 29/36 MP: 0/10
  3535 | Sewer    | Reached skill level 3 in Conjurations
  3766 | Sewer    | Reached skill level 6 in Poison Magic
  3923 | Sewer    | Reached skill level 3 in Air Magic
  3923 | Sewer    | Reached XP level 7. HP: 36/41 MP: 0/11
  4102 | Sewer    | Reached skill level 3 in Stealth
  4496 | D:4      | Reached skill level 7 in Poison Magic
  4738 | D:4      | Noticed Edmund
  4744 | D:4      | Killed Edmund
  4744 | D:4      | Reached skill level 4 in Stealth
  4833 | D:4      | Reached skill level 3 in Dodging
  4961 | D:5      | Entered Level 5 of the Dungeon
  4964 | D:5      | Reached XP level 8. HP: 46/46 MP: 13/13
  5206 | D:5      | Reached skill level 5 in Stealth
  5206 | D:5      | Reached skill level 4 in Spellcasting
  5412 | D:5      | Found Yntoh Yfo's Magic Scroll Shop.
  5418 | D:5      | Bought a scroll of identify for 24 gold pieces
  5418 | D:5      | Bought a scroll of identify for 24 gold pieces
  5418 | D:5      | Bought a scroll of identify for 24 gold pieces
  5418 | D:5      | Bought a scroll of identify for 24 gold pieces
  5418 | D:5      | Bought a scroll of remove curse for 36 gold pieces
  5418 | D:5      | Bought a scroll of identify for 24 gold pieces
  5507 | D:5      | Found an iron altar of Okawaru.
  5570 | D:5      | Reached skill level 4 in Dodging
  5570 | D:5      | Reached skill level 8 in Poison Magic
  5967 | D:6      | Reached skill level 1 in Fighting
  6134 | D:6      | HP: 21/48 [orc wizard/puff of frost (11)]
  6136 | D:6      | HP: 9/48 [orc wizard/puff of flame (9)]
  6137 | D:6      | HP: 4/48 [poisoned by an adder]
  6138 | D:6      | Killed from afar by an orc wizard

Vanquished Creatures
  Edmund (D:4)
  An orc warrior (D:6)
  2 ogres
  4 big kobolds (Sewer)
  A scorpion (D:4)
  A howler monkey (D:4)
  An orc priest (D:5)
  2 hounds (D:5)
  2 bullfrog skeletons (D:5)
  2 orc wizards (D:5)
  5 worker ants
  2 hound zombies (D:5)
  11 adders
  7 gnolls
  2 river rats (Sewer)
  2 oozes
  An adder zombie (D:5)
  An adder skeleton (D:5)
  6 worms
  2 dart slugs
  A leopard gecko (D:2)
  14 orcs
  4 giant cockroaches
  12 hobgoblins
  2 jackals (D:3)
  5 quokkas
  6 ball pythons
  6 bats
  2 frilled lizards
  9 goblins
  5 kobolds (Sewer)
  A quokka skeleton (D:4)
  6 rats
129 creatures vanquished.

Table legend:
 A = Turns spent in this place as a percentage of turns spent in the entire game.
 B = Non-inter-level travel turns spent in this place as a percentage of non-inter-level travel turns spent in the entire game.
 C = Inter-level travel turns spent in this place as a percentage of turns spent in this place.
 D = Turns resting spent in this place as a percentage of non-inter-level travel turns spent in this place.
 E = Turns spent auto-exploring this place as a percentage of non-inter-level travel turns spent in this place.
 F = Non-inter-level travel turns spent in this place divided by the number of levels of this place that you've seen.
                   A       B       C       D       E      F
               +-------+-------+-------+-------+-------+----------------------
         Total | 100.0 | 100.0 |   1.5 |  38.2 |  48.6 | 863.6
       Dungeon |  82.9 |  82.6 |   1.8 |  35.8 |  51.9 | 832.3
         Sewer |  17.1 |  17.4 |   0.0 |  49.3 |  33.2 | 1051.0
               +-------+-------+-------+-------+-------+----------------------
